 Dungeon Crawl Stone Soup version 0.30-a0-371-gad7725a93e (webtiles) character file.

Game seed: 15837996401601029224

3273 Lobster4 the Skirmisher (level 9, 0/82 HPs)
             Began as a Minotaur Hunter on Nov 22, 2022.
             Was an Initiate of Hepliaklqana.
             Slain by a yak (5 damage)
             ... on level 7 of the Dungeon.
             The game lasted 00:18:35 (7523 turns).

Lobster4 the Skirmisher (Minotaur Hunter)           Turns: 7523, Time: 00:18:36

Health: 0/82       AC:  6    Str: 16    XL:     9   Next: 68%
Magic:  8/8        EV: 13    Int:  6    God:    Hepliaklqana [......]
Gold:   371        SH:  0    Dex: 18    Spells: 8/8 levels left

rFire   . . .      SeeInvis .    b - +2 broad axe (flame)
rCold   . . .      Faith    .    (no shield)
rNeg    . . .      Spirit   .    P - +0 steam dragon scales
rPois   .          Reflect  .    (helmet restricted)
rElec   .          Harm     .    F - scarf {repulsion}
rCorr   .          Rampage  .    (no gloves)
Will    +....                    (no boots)
Stlth   ++........               w - amulet of magic regeneration
HPRegen 0.33/turn                C - ring of willpower
MPRegen 0.51/turn                (no ring)

@: repel missiles
A: horns 2, retaliatory headbutt
a: Renounce Religion


You were on level 7 of the Dungeon.
You worshipped Hepliaklqana.
Hepliaklqana was noncommittal.
You visited 2 branches of the dungeon, and saw 9 of its levels.
You also visited: Ossuary.

You collected 371 gold pieces.

Inventory:

Hand Weapons
 a - a +1 shortbow
 b - a +2 broad axe of flaming (weapon)
 g - a +0 sling
 k - a +0 flail
 q - a +0 war axe
 r - a +0 falchion
 z - a +0 battleaxe
 H - a +1 whip of holy wrath
Missiles
 d - 40 poisoned darts
 B - 3 javelins
 D - 8 boomerangs
Armour
 c - a +0 leather armour
 j - a +0 ring mail
 o - the +0 robe of the Lost Path {rElec Will- Int+2 Stlth+}
   (You found it on level 4 of the Dungeon)

   Int:       It affects your intelligence (+2).
   rElec:     It insulates you from electricity.
   Will:      It decreases your willpower.
   Stlth:     It makes you more stealthy.
 s - a +0 scale mail
 t - a +1 cloak
 v - a +2 robe of willpower
 F - a scarf of repulsion (worn)
 O - +0 acid dragon scales
 P - +0 steam dragon scales (worn)
Magical Staves
 f - a staff of air
 p - a staff of earth
Jewellery
 w - an amulet of magic regeneration (around neck)
 C - a ring of willpower (left hand)
Wands
 x - a wand of flame (16)
 G - a wand of iceblast (9)
Scrolls
 h - 2 scrolls of poison
 m - 5 scrolls of fog
 n - 2 scrolls of immolation
 u - 3 scrolls of teleportation
 y - 3 scrolls of enchant weapon
Potions
 e - a potion of ambrosia
 i - a potion of might
 l - a potion of curing {unknown}
 A - a potion of heal wounds
 E - a potion of flight
 I - a potion of degeneration {unknown}
 J - a potion of cancellation {unknown}
 K - 3 potions of haste {unknown}
 L - 2 potions of mutation
 M - a potion of brilliance {unknown}
 N - a potion of attraction {unknown}


   Skills:
 + Level 8.5 Fighting
 - Level 3.0 Axes
 * Level 11.3 Ranged Weapons
 - Level 6.0 Armour
 - Level 3.0 Dodging
 - Level 1.0 Stealth
 - Level 3.0 Evocations


You had 8 spell levels left.
You didn't know any spells.
Your spell library contained the following spells:

 Spells                   Type           Power      Damage    Failure   Level
 Freeze                   Ice            0%         1d3       45%         1
 Magic Dart               Conj           0%         1d3       45%         1
 Call Imp                 Summ           0%         N/A       58%         2
 Ensorcelled Hibernation  Hex/Ice        0%         N/A       58%         2
 Sublimation of Blood     Necr           0%         N/A       58%         2
 Frozen Ramparts          Ice            0%         1d1       83%         3
 Hailstorm                Conj/Ice       0%         3d3       83%         3
 Kindle Blastsparks       Fire/Tloc/Air  0%         2d10      83%         3
 Mephitic Cloud           Conj/Pois/Air  0%         N/A       83%         3
 Anguish                  Hex/Necr       0%         N/A       99%         4
 Fulminant Prism          Conj/Hex       0%         3d5       99%         4
 Ice Form                 Ice/Tmut       0%         N/A       99%         4
 Iskenderun's Mystic Bla  Conj/Tloc      0%         2d3       99%         4
 Lee's Rapid Deconstruct  Erth           0%         3d4*      100%        5


Dungeon Overview and Level Annotations

Branches:
Dungeon (8/15)             Temple (1/1) D:7         Ossuary (visited)
   Lair: D:8-11

Altars:
Ashenzari
Dithmenos
Elyvilon
Fedhas
Hepliaklqana
Makhleb
Nemelex Xobeh
Qazlal
Ru
Trog
Uskayaw
Wu Jian
Xom
Yredelemnul
The Shining One

Shops:
D:8 *

Annotations:
D:6 Grinder


Innate Abilities, Weirdness & Mutations

You have a pair of horns on your head.
You reflexively headbutt those who attack you in melee.


Message History

The ball of steam hits the steam dragon.
The steam dragon resists.
The steam dragon dies!
The ball of steam hits you but does no damage.
You resist.
You barely miss the yak.
The yak is moderately wounded.
You hit the yak but do no damage.
The yak is engulfed in a cloud of scalding steam.
The yak barely misses you. The yak closely misses you. You furiously retaliate!
You headbutt the yak. The yak attacks as you move away! The yak gores you!
* * * LOW HITPOINT WARNING * * *
The yak attacks as you move away! The yak gores you.
* * * LOW HITPOINT WARNING * * *
The yak is engulfed in a cloud of scalding steam.
The yak is engulfed in a cloud of scalding steam.
The yak attacks as you move away! The yak barely misses you.
You see here a steam dragon corpse.
There is a stone staircase leading up here.
The yak gores you but does no damage.
You climb upwards.
There is a stone staircase leading down here.
You are too injured to fight recklessly!
You are too injured to fight recklessly!
You closely miss the yak. You headbutt the yak, but do no damage.
The yak is severely wounded.
The yak gores you.
* * * LOW HITPOINT WARNING * * *
The yak gores you.
* * * LOW HITPOINT WARNING * * *
You closely miss the yak. Your headbutt misses the yak.
The yak is severely wounded.
The yak gores you but does no damage.
You hit the yak. You burn the yak.
The yak is almost dead.
The yak gores you!
* * * LOW HITPOINT WARNING * * *
The yak gores you.
You die...

............#
..#########.#
<.##......#.#
..#....#.##.#
..#..#....#.#
###..#<...#.#
###..#....#.#########
#....#....#.........#
................@##.#
#.####.##.)....)Y...#
#.......#.######.####
######..#.#........#
..# #..#.#........#
#.####..#.#........#
..##...............#
............####.###
#.#.........# #.#


You could see a yak.

Vanquished Creatures
  Pikel (D:5)
  Maggie (D:8)
  A yak (D:8)
  A steam dragon (D:8)
  2 water moccasins
  An orc warrior (D:7)
  2 sky beasts
  A black bear (D:5)
  An ice beast (D:7)
  A centaur (D:6)
  2 kobold brigands (D:7)
  A necrophage (D:4)
  A bullfrog (D:7)
  4 scorpions
  2 centaur zombies (Ossuary)
  4 hounds
  A jelly (D:6)
  An orc priest (D:7)
  2 gnoll boudas (D:7)
  Terence (D:3)
  5 iguanas
  6 orc wizards
  6 mummies (Ossuary)
  7 gnolls (D:7)
  6 adders
  3 worms
  3 dart slugs
  25 orcs
  8 ball pythons
  4 bats
  5 endoplasms
  4 giant cockroaches
  A goblin (D:2)
  7 hobgoblins
  15 jackals
  18 kobolds
  4 quokkas
  4 frilled lizards
  3 hobgoblin zombies (Ossuary)
  6 rats
171 creatures vanquished.

Vanquished Creatures (others)
  A steam dragon (D:8)
  An orc (D:8)
2 creatures vanquished.

Grand Total: 173 creatures vanquished

Notes
Turn   | Place    | Note
-------+----------+-------------------------------------------
     0 | D:1      | Lobster4 the Minotaur Hunter began the quest for the Orb.
     0 | D:1      | Reached XP level 1. HP: 18/18 MP: 0/0
    60 | D:1      | Reached skill level 1 in Stealth
   143 | D:1      | Reached XP level 2. HP: 25/25 MP: 1/1
   290 | D:1      | Reached skill level 1 in Armour
   363 | D:1      | Reached XP level 3. HP: 30/30 MP: 2/2
   370 | D:1      | You fall into a shaft and drop 1 floor!
   476 | D:2      | Reached skill level 5 in Ranged Weapons
   808 | D:2      | Reached XP level 4. HP: 38/38 MP: 3/3
  1666 | D:3      | Noticed Terence
  1695 | D:3      | Killed Terence
  1696 | D:3      | Reached XP level 5. HP: 23/45 MP: 4/4
  2522 | D:4      | Reached skill level 6 in Ranged Weapons
  2545 | D:4      | Found a shadowy altar of Dithmenos.
  2565 | D:4      | Identified the +0 robe of the Lost Path {rElec Will- Int+2
                  | Stlth+}
  2820 | D:4      | Reached XP level 6. HP: 34/52 MP: 5/5
  2945 | D:4      | Reached skill level 1 in Axes
  3337 | D:5      | Entered Level 5 of the Dungeon
  3438 | D:5      | Noticed a water moccasin
  3449 | D:5      | Killed a water moccasin
  3583 | D:5      | Noticed Pikel
  3597 | D:5      | Killed Pikel
  3598 | D:5      | Reached skill level 5 in Fighting
  3598 | D:5      | Reached skill level 7 in Ranged Weapons
  3598 | D:5      | Reached skill level 1 in Evocations
  3598 | D:5      | Reached XP level 7. HP: 61/61 MP: 6/6
  3813 | D:5      | Reached XP level 8. HP: 69/69 MP: 7/7
  3954 | D:5      | Found a broken altar of Ashenzari.
  4492 | D:6      | Reached skill level 8 in Ranged Weapons
  4520 | D:6      | Found an ornate altar of the Wu Jian Council.
  4657 | D:6      | Noticed Grinder
  4672 | D:6      | Reached skill level 5 in Armour
  5292 | D:6      | Found a white marble altar of Elyvilon.
  5372 | D:6      | Found a shimmering altar of Xom.
  5687 | D:7      | Reached skill level 9 in Ranged Weapons
  5690 | D:7      | Found a sand-covered staircase.
  5712 | Ossuary  | Entered an ossuary
  6086 | D:7      | Reached XP level 9. HP: 46/79 MP: 8/8
  6397 | D:7      | Reached skill level 10 in Ranged Weapons
  6578 | D:7      | Got Sif Muna's Precepts of the Tiger
  6881 | D:7      | Found a staircase to the Ecumenical Temple.
  6976 | Temple   | Entered the Ecumenical Temple
  7129 | Temple   | Became a worshipper of Hepliaklqana the Forgotten
  7242 | D:8      | Found Fumasa Soclo's Assorted Antiques.
  7245 | D:8      | Noticed Maggie
  7330 | D:8      | Killed Maggie
  7403 | D:8      | Reached skill level 11 in Ranged Weapons
  7523 | D:7      | Slain by a yak

Illustrated notes

Levels and vault maps discovered:
D:1:      wander_arrival_estate, layout_rooms
D:2:      layout_basic
D:3:      layout_basic, uniq_terence, uniq_crazy_yiuf_cottage
D:4:      layout_layer_cave, nicolae_dithmenos_shadow_blocks, grunt_decor_cap,
          hangedman_abyss_or_decor_lesser_grid
D:5:      layout_basic, ashenzari_conservatory_becter, nicolae_eternal_life,
          uniq_pikel
D:6:      layout_cave_pods, mainiacjoe_overflow_six_doors_small,
          pdpol_wu_jian_five_deadly_venoms, mainiacjoe_overflow_boulevard,
          uniq_grinder
D:7:      layout_basic, minmay_temple_entry_crystal_x,
          nicolae_ossuary_entry_ruins, amethyst_killhole
D:8:      layout_rooms, grunt_temple_overflow_gold_and_silver,
          cheibriados_altar_2, gammafunk_ghost_ooze, serial_shops,
          nicolae_square_shop, minmay_misc_feat_doors, uniq_maggie
Temple:   chequers_temple_sunken

Skill      XL: |  1  2  3  4  5  6  7  8  9 |
---------------+----------------------------+-----
Stealth        | 1 |  1.0
Armour         | 1 2 3 4 6 |  6.0
Fighting       | 3 4 5 7 8 |  8.5
Ranged Weapons | 5 6 7 9 11 | 11.3
Dodging        | 3 |  3.0
Axes           | 3 |  3.0
Evocations     | 1 3 |  3.0

Action                   |  1- 3 |  4- 6 |  7- 9 || total
-------------------------+-------+-------+-------++-------
Melee: Broad axe         |       |    13 |    57 ||    70
       Punch             |       |     1 |     1 ||     2
       Headbutt          |       |     4 |    13 ||    17
 Fire: Shortbow          |   104 |   155 |   229 ||   488
Evoke: Wand              |       |       |     2 ||     2
  Use: Scroll            |       |     7 |     6 ||    13
       Potion            |       |     2 |     2 ||     4
Armor: Leather armour    |    13 |    20 |       ||    33
       Robe              |       |       |    17 ||    17
       Steam dragon scal |       |       |     4 ||     4
Dodge: Dodged            |    28 |    49 |   104 ||   181
       Repelled          |       |       |     3 ||     3

Table legend: (Time is in decaauts)
 A = Elapsed time spent in this place.
 B = Non-inter-level travel time spent in this place.
 C = Inter-level travel time spent in this place.
 D = Time resting spent in this place.
 E = Time spent auto-exploring this place.
 F = Levels seen in this place.
 G = Mean time per level.
                   A        B        C        D        E       F      G
               +--------+--------+--------+--------+--------+-----+--------+
         Total |   7664 |   7290 |    374 |    736 |   5316 |  10 |  766.4 |
       Dungeon |   7071 |   6733 |    338 |    474 |   5103 |   8 |  883.9 |
        Temple |    221 |    185 |     36 |      0 |    177 |   1 |  221.0 |
       Ossuary |    371 |    371 |      0 |    262 |     36 |   1 |  371.0 |
               +--------+--------+--------+--------+--------+-----+--------+

Top non-repeatable levels by time:
     D:5: 1249 daAuts
     D:3: 1152 daAuts
     D:7: 1146 daAuts
     D:6: 1103 daAuts
     D:4: 864 daAuts
     D:2: 856 daAuts
     D:1: 531 daAuts
 Ossuary: 371 daAuts
  Temple: 221 daAuts
     D:8: 167 daAuts
